 Dungeon Crawl Stone Soup version 0.31.0-4-g52a2dc7128 (webtiles) character file.

Game seed: 193246961753627631

127 Eitelfritz the Trooper (level 5, -11/47 HPs)
             Began as a Hill Orc Fighter on Jan 21, 2024.
             Killed by divine providence
             ... invoked by an orc priest
              (12 damage)
             ... on level 4 of the Dungeon.
             The game lasted 00:03:05 (2496 turns).

Eitelfritz the Trooper (Hill Orc Fighter)           Turns: 2496, Time: 00:03:05

Health: -11/47     AC:  9    Str: 21    XL:     5   Next: 11%
Magic:  5/5        EV:  9    Int:  8    God:
Gold:   176        SH:  4    Dex: 10    Spells: 4/4 levels left

rFire   . . .        a - +0 war axe
rCold   . . .        c - +0 buckler
rNeg    . . .        u - +0 scale mail
rPois   .            n - +0 helmet
rElec   .            (no cloak)
rCorr   .            (no gloves)
SInv    .            k - +0 pair of boots
Will    .....        (no amulet) Stlth
                     (no ring)
HPRegen 0.27/turn    (no ring)
MPRegen 0.09/turn

%: no passive effects
@: no status effects
A: no striking features
a: Convert to Beogh


You were on level 4 of the Dungeon.
You visited 1 branch of the dungeon, and saw 4 of its levels.

You collected 176 gold pieces.

Inventory:

Hand Weapons
 a - a +0 war axe (weapon)
 b - the +1 sling of Nijya {heavy, rC+++ Int+3}
   (You found it on level 3 of the Dungeon)

   Int+3:     It affects your intelligence (+3).
   rC+++:     It renders you almost immune to cold.
Armour
 c - a +0 buckler (worn)
 j - a +0 chain mail
 k - a +0 pair of boots (worn)
 n - a +0 helmet (worn)
 u - a +0 scale mail (worn)
Jewellery
 e - a ring of ice
 v - a ring of wizardry
Scrolls
 f - 5 scrolls of identify {unknown}
 g - a scroll of enchant armour {unknown}
 m - a scroll of poison {unknown}
 o - a scroll of enchant weapon {unknown}
 q - 2 scrolls of teleportation {unknown}
 s - 3 scrolls of fog {unknown}
 t - 2 scrolls of fear {unknown}
 x - a scroll of acquirement {unknown}
 y - a scroll of revelation {unknown}
Potions
 d - 2 potions of might
 h - 2 potions of curing {unknown}
 i - a potion of heal wounds {unknown}
 l - a potion of degeneration {unknown}
 p - a potion of haste {unknown}
 r - a potion of berserk rage {unknown}
 w - a potion of cancellation {unknown}
 z - a potion of mutation {unknown}


   Skills:
 + Level 4.8 Fighting
 + Level 4.1 Axes
 + Level 4.2 Armour
 + Level 0.1 Dodging
 + Level 3.7 Shields


You had 4 spell levels left.
You didn't know any spells.
Your spell library was empty.

Dungeon Overview and Level Annotations

Branches:
Dungeon (4/15)
 Temple: D:4-7

Altars:
Qazlal

Shops:
D:3 (


Message History

The orc priest begins to cast a cantrip, but forgets the words!
The hound bites you but does no damage.
The orc shouts!
You hit the hound but do no damage. You block the hound's attack.
The hound misses you.
You miss the hound. The hound barely misses you. The hound bites you.
You hit the hound but do no damage. The hound bites you but does no damage.
The hound misses you.
You hit the hound but do no damage. The hound bites you but does no damage.
The orc priest calls down the wrath of Beogh upon you.
Beogh smites you! The hound bites you but does no damage.
You barely miss the hound. The hound bites you but does no damage.
The orc priest calls down the wrath of Beogh upon you.
Beogh smites you! The hound closely misses you.
You miss the hound. The hound bites you.
The orc priest invokes the aid of Beogh against you.
Beogh smites you!
* * * LOW HITPOINT WARNING * * *
The hound bites you.
* * * LOW HITPOINT WARNING * * *
The orc priest invokes the aid of Beogh against you.
Beogh smites you!
* * * LOW HITPOINT WARNING * * *
The orc priest shouts, "Join the one true god or die!"
The hound closely misses you. The hound attacks as it pursues you!
The hound bites you but does no damage.
Things that are here:
a +0 club; a goblin corpse The hound attacks as it pursues you!
The hound bites you but does no damage. The hound closely misses you.
The orc priest begins to cast a cantrip, but forgets the words!
The hound attacks as it pursues you! The hound bites you.
* * * LOW HITPOINT WARNING * * *
The hound attacks as it pursues you! The hound misses you.
The hound bites you but does no damage. The hound attacks as it pursues you!
The hound bites you.
* * * LOW HITPOINT WARNING * * *
The orc priest mumbles some strange prayers to Beogh against you.
Beogh smites you!
You die...

##############.
#......<.......
#.############.
#######@###
.......h..#
#######.#.#
#o#... #.# ###
#o# . #B# #
8.8o####o#.#
...oBo.....#


You could see a hound, 2 orc priests, an orc and a giant cockroach.

Vanquished Creatures
  A bombardier beetle (D:3)
  Jessica (D:2)
  A gnoll (D:1)
  2 adders
  A dart slug (D:3)
  2 orcs (D:3)
  2 endoplasms
  2 giant cockroaches (D:1)
  3 goblins
  3 hobgoblins (D:1)
  3 quokkas
  2 ball pythons (D:1)
  6 bats
  5 frilled lizards
  3 kobolds
  6 rats (D:1)
43 creatures vanquished.

Notes
Turn   | Place    | Note
-------+----------+-------------------------------------------
     0 | D:1      | Eitelfritz the Hill Orc Fighter began the quest for the
                  | Orb.
     0 | D:1      | Reached XP level 1. HP: 19/19 MP: 1/1
   181 | D:1      | Reached XP level 2. HP: 27/27 MP: 2/2
   358 | D:1      | Reached XP level 3. HP: 27/34 MP: 3/3
   826 | D:2      | Found a stormy altar of Qazlal.
   874 | D:2      | Noticed Jessica
   880 | D:2      | Killed Jessica
   881 | D:2      | Reached XP level 4. HP: 32/41 MP: 4/4
  1244 | D:2      | Found a faded altar of an unknown god.
  1696 | D:3      | Identified the +1 sling of Nijya {heavy, rC+++ Int+3}
  2218 | D:3      | Reached XP level 5. HP: 47/47 MP: 5/5
  2267 | D:3      | Found Sakut's Antique Weapon Boutique.
  2489 | D:4      | HP: 2/47 [orc priest/divine providence (10)]
  2494 | D:4      | HP: 1/47 [hound (2)]
  2496 | D:4      | Killed from afar by an orc priest

Illustrated notes

Levels and vault maps discovered:
D:1:      dpeg_arrival_ratfight, layout_loops_ring
D:2:      minmay_door_path, layout_loops_cross, basic_altar,
          hellmonk_ecumenical_altar_heavens_door, uniq_jessica
D:3:      layout_loops_ring, serial_shops, shop
D:4:      layout_loops_ring, eat_drink_and_be_merry_uskayaw

Skill      XL: |  1  2  3  4 |
---------------+-------------+-----
Fighting       | 4 |  4.8
Axes           | 3 4 |  4.1
Armour         | 4 |  4.2
Dodging        | |  0.1
Shields        | |  3.7

Action                     |  1- 3 |  4- 6 || total
---------------------------+-------+-------++-------
  Melee: War axe           |    72 |    55 ||   127
 Armour: Scale mail        |    51 |    42 ||    93
  Dodge: Dodged            |    37 |    27 ||    64
  Block: Buckler           |    13 |    14 ||    27
